 Dungeon Crawl Stone Soup version 0.28-a0-704-g4d584c6bc1 (webtiles) character file.

Game seed: 4652438213983354806

2799 Gargoyl the Fighter (level 9, -2/74 HPs)
             Began as a Gnoll Abyssal Knight on Oct 24, 2021.
             Was an Elder of Lugonu.
             Slain by a gnoll (10 damage)
             ... on level 7 of the Dungeon.
             The game lasted 00:07:55 (8332 turns).

Gargoyl the Fighter (Gnoll Abyssal Knight)          Turns: 8332, Time: 00:07:55

Health: -2/74      AC:  0    Str: 16    XL:     9   Next: 71%
Magic:  15/15      EV:  8    Int: 10    God:    Lugonu [****..]
Gold:   341        SH:  0    Dex: 12    Spells: 17/17 levels left

rFire   . . .      SeeInvis .   f - +2 hand axe (elec)
rCold   . . .      Faith    .   (no shield)
rNeg    . . .      Spirit   .   c - +0 chain mail
rPois   .          Reflect  .   (no helmet)
rElec   .          Harm     .   b - +1 cloak
rCorr   .          Rampage  .   (no gloves)
Will    .....                   (no boots)
Stlth   ..........              (no amulet)
HPRegen 0.22/turn               (no ring)
MPRegen 0.14/turn               (no ring)

@: corroded
A: fangs 1, strong nose, distributed training
a: Renounce Religion, Depart the Abyss, Bend Space, Banish, Corrupt


You were on level 7 of the Dungeon.
You worshipped Lugonu.
Lugonu was greatly pleased with you.
You visited 2 branches of the dungeon, and saw 8 of its levels.
You visited the Abyss 1 time.

You collected 341 gold pieces.

Inventory:

Hand Weapons
 a - a +1 hand axe
 f - a +2 hand axe of electrocution (weapon)
 k - a +0 war axe
Missiles
 j - 18 poisoned darts (quivered)
Armour
 b - a +1 cloak (worn)
 c - a +0 chain mail (worn)
Jewellery
 d - a ring of protection from cold
 e - a ring of magical power
 h - a ring of see invisible
Wands
 o - a wand of mindburst (16)
Scrolls
 m - a scroll of magic mapping
 p - 3 scrolls of identify
Potions
 g - a potion of resistance
 i - a potion of flight
 l - 3 potions of curing


   Skills:
 + Level 8.0 Fighting
 + Level 4.5 Short Blades
 + Level 4.5 Long Blades
 + Level 6.5 Axes
 + Level 4.5 Maces & Flails
 + Level 4.5 Polearms
 + Level 4.5 Staves
 + Level 4.5 Slings
 + Level 4.5 Bows
 + Level 4.5 Crossbows
 + Level 4.5 Throwing
 + Level 6.5 Armour
 + Level 5.2 Dodging
 + Level 4.5 Stealth
 + Level 4.5 Shields
 + Level 4.5 Unarmed Combat
 + Level 4.5 Spellcasting
 + Level 3.7 Conjurations
 + Level 3.7 Hexes
 + Level 3.7 Summonings
 + Level 3.7 Necromancy
 + Level 3.7 Translocations
 + Level 3.7 Transmutations
 + Level 3.7 Fire Magic
 + Level 3.7 Ice Magic
 + Level 3.7 Air Magic
 + Level 3.7 Earth Magic
 + Level 3.7 Poison Magic
 + Level 6.8 Invocations
 + Level 4.5 Evocations


You had 17 spell levels left.
You didn't know any spells.
Your spell library contained the following spells:

 Spells                   Type           Power      Damage    Failure   Level
 Animate Skeleton         Necr           18%        N/A       56%         1
 Apportation              Tloc           18%        N/A       56%         1
 Summon Small Mammal      Summ           36%        N/A       56%         1
 Gell's Gravitas          Tloc           4%         N/A       91%         3
 Ignite Poison            Fire/Tmut/Pois 9%         N/A       91%         3
 Inner Flame              Hex/Fire       9%         N/A       91%         3
 Lesser Beckoning         Tloc           9%         N/A       91%         3
 Mephitic Cloud           Conj/Pois/Air  9%         N/A       91%         3
 Teleport Other           Tloc           9%         N/A       91%         3
 Cause Fear               Hex            4%         N/A       100%        4
 Freezing Cloud           Conj/Ice/Air   4%         6-21      100%        5
 Discord                  Hex            4%         N/A       100%        8


Dungeon Overview and Level Annotations

Branches:
Dungeon (7/15)             Temple (1/1) D:6

Altars:
Cheibriados
Dithmenos
Gozag
Hepliaklqana
Kikubaaqudgha
Makhleb
Nemelex Xobeh
Qazlal
Ru
Sif Muna
Trog
Uskayaw
Vehumet
Zin
The Shining One

Shops:
D:4 [


Innate Abilities, Weirdness & Mutations

You have very sharp teeth.
Your uncanny sense of smell can sniff out nearby items.
Your experience applies equally to all skills.


Message History

You hit the gnoll.
You kill the gnoll!
Lugonu accepts your kill.
You hit the gnoll.
The gnoll is lightly wounded.
The gnoll barely misses you.
You hit the gnoll.
The gnoll is lightly wounded.
The gnoll hits you with a +0 flail!
You hit the gnoll. You bite the gnoll, but do no damage.
The gnoll is moderately wounded.
The gnoll hits you with a +0 flail!
You barely miss the gnoll.
The gnoll is moderately wounded.
The gnoll hits you with a +0 flail!
* * * LOW HITPOINT WARNING * * *
You barely miss the gnoll.
The gnoll is moderately wounded.
The gnoll hits you with a +0 flail.
* * * LOW HITPOINT WARNING * * *
You hit the gnoll but do no damage.
The gnoll is moderately wounded.
The gnoll completely misses you.
You barely miss the gnoll.
The gnoll is moderately wounded.
The gnoll barely misses you.
You hit the gnoll but do no damage. Your bite misses the gnoll.
The gnoll is moderately wounded.
The gnoll hits you with a +0 flail.
* * * LOW HITPOINT WARNING * * *
You hit the gnoll but do no damage.
The gnoll is moderately wounded.
The gnoll hits you with a +0 flail.
* * * LOW HITPOINT WARNING * * *
Your chain mail prevents you from hitting the gnoll.
The gnoll is moderately wounded.
The gnoll hits you with a +0 flail.
* * * LOW HITPOINT WARNING * * *
You feel better. The gnoll hits you with a +0 flail!
You die... .# #.# ?# #gg

.# ####.. .#
....J .# #.# ...
.# #.##
#.#####.# ...#
#...g@..# ...#
#..######
...#### #..#
......##.
#..#########
........
#....>......
......##
#...########
......... #...#
....####.###...#
...## #.......#


You could see a gnoll.

Vanquished Creatures
  Pikel (D:6)
  A hornet (D:5)
  A black bear (D:5)
  A sky beast (D:5)
  A necrophage (D:7)
  3 ogres
  A centaur (D:5)
  2 phantoms (D:6)
  A lemure (D:6)
  A kobold brigand (Temple)
  A wyvern zombie (D:5)
  7 scorpions
  A wyvern skeleton (D:5)
  5 wights
  3 jellies
  A hound (D:4)
  A gnoll shaman (D:7)
  2 bullfrog skeletons (D:6)
  An orc wizard (D:6)
  3 iguanas
  A hound zombie (D:3)
  A hound skeleton (D:4)
  2 gnolls (D:7)
  8 adders
  2 shadow imps
  A white imp (D:7)
  3 ufetubi
  An adder skeleton (D:5)
  A worm (D:2)
  6 dart slugs
  11 orcs
  15 endoplasms
  3 giant cockroaches
  10 goblins
  8 hobgoblins
  6 jackals
  14 kobolds
  A quokka (D:2)
  11 ball pythons
  5 bats
  3 frilled lizards
  5 rats
156 creatures vanquished.

Notes
Turn   | Place    | Note
-------+----------+-------------------------------------------
     0 | Abyss:1  | Gargoyl the Gnoll Abyssal Knight began the quest for the
                  | Orb.
     0 | Abyss:1  | Reached XP level 1. HP: 23/23 MP: 3/3
   139 | Abyss:2  | Noticed a caustic shrike skeleton
   139 | Abyss:2  | Noticed a raiju
   142 | Abyss:2  | Noticed a raiju
   144 | D:1      | Escaped the Abyss
   352 | D:1      | Found a faded altar of an unknown god.
   397 | D:1      | Reached XP level 2. HP: 25/29 MP: 5/5
   400 | D:1      | Reached * piety under Lugonu
   919 | D:1      | Reached XP level 3. HP: 35/35 MP: 6/6
  1592 | D:2      | Found a bloodstained altar of Trog.
  1716 | D:2      | Reached skill level 1 in Short Blades
  1716 | D:2      | Reached skill level 1 in Long Blades
  1716 | D:2      | Reached skill level 1 in Maces & Flails
  1716 | D:2      | Reached skill level 1 in Polearms
  1716 | D:2      | Reached skill level 1 in Staves
  1716 | D:2      | Reached skill level 1 in Slings
  1716 | D:2      | Reached skill level 1 in Bows
  1716 | D:2      | Reached skill level 1 in Crossbows
  1716 | D:2      | Reached skill level 1 in Throwing
  1716 | D:2      | Reached skill level 1 in Stealth
  1716 | D:2      | Reached skill level 1 in Shields
  1716 | D:2      | Reached skill level 1 in Unarmed Combat
  1716 | D:2      | Reached skill level 1 in Spellcasting
  1716 | D:2      | Reached skill level 1 in Evocations
  1877 | D:2      | Reached XP level 4. HP: 31/41 MP: 7/7
  2469 | D:3      | Reached skill level 1 in Conjurations
  2469 | D:3      | Reached skill level 1 in Hexes
  2469 | D:3      | Reached skill level 1 in Summonings
  2469 | D:3      | Reached skill level 1 in Necromancy
  2469 | D:3      | Reached skill level 1 in Translocations
  2469 | D:3      | Reached skill level 1 in Transmutations
  2469 | D:3      | Reached skill level 1 in Fire Magic
  2469 | D:3      | Reached skill level 1 in Ice Magic
  2469 | D:3      | Reached skill level 1 in Air Magic
  2469 | D:3      | Reached skill level 1 in Earth Magic
  2469 | D:3      | Reached skill level 1 in Poison Magic
  2518 | D:3      | Reached XP level 5. HP: 25/47 MP: 8/8
  2683 | D:3      | Reached ** piety under Lugonu
  3696 | D:4      | Reached skill level 5 in Invocations
  3696 | D:4      | Reached XP level 6. HP: 32/53 MP: 9/9
  4136 | D:4      | Found a hazy altar of Hepliaklqana.
  4194 | D:4      | Reached skill level 5 in Axes
  4194 | D:4      | Reached skill level 5 in Armour
  4223 | D:4      | Reached *** piety under Lugonu
  4596 | D:4      | Found Jiozeell's Armour Shop.
  4678 | D:4      | Reached XP level 7. HP: 59/59 MP: 10/10
  4875 | D:5      | Entered Level 5 of the Dungeon
  4882 | D:5      | Reached skill level 7 in Fighting
  5259 | D:5      | Reached XP level 8. HP: 44/67 MP: 12/12
  5686 | D:5      | Found a glowing golden altar of the Shining One.
  5736 | D:5      | Found a bloodstained altar of Trog.
  5978 | D:5      | Noticed a hornet
  6001 | D:5      | Killed a hornet
  6552 | D:6      | Found a staircase to the Ecumenical Temple.
  6587 | Temple   | Entered the Ecumenical Temple
  6965 | Temple   | Reached XP level 9. HP: 49/72 MP: 14/14
  7515 | D:6      | Reached **** piety under Lugonu
  7786 | D:6      | Noticed Pikel
  7799 | D:6      | Killed Pikel
  7800 | D:6      | Reached skill level 8 in Fighting
  7800 | D:6      | Reached skill level 5 in Dodging
  8331 | D:7      | HP: 3/74 [gnoll (1)]
  8332 | D:7      | Slain by a gnoll

Illustrated notes

Levels and vault maps discovered:
D:1:      heliophobic_arrival_glass_houses, layout_loops_ring,
          ebering_ecumenical_altar_petrified, minmay_misc_feat_room
D:2:      layout_basic, basic_altar
D:3:      minmay_wonky_spiral, layout_basic, corner_web_ring, minmay_checkerbox
D:4:      layout_basic, nzn_hepliaklqana_mist_gate, serial_shops, shop,
          minmay_bisected
D:5:      layout_cave_pools, mainiacjoe_overflow_big_doors, minmay_diced_spiral
D:6:      layout_rooms, temple_fountains, uniq_pikel
D:7:      layout_loops_ring, enter_bailey_2, uniq_crazy_yiuf_cottage
Temple:   nicolae_temple_x_marks_the_god

Skill      XL: |  1  2  3  4  5  6  7  8  9 |
---------------+----------------------------+-----
Short Blades   | 1 2 3 4 |  4.5
Long Blades    | 1 2 3 4 |  4.5
Maces & Flails | 1 2 3 4 |  4.5
Polearms       | 1 2 3 4 |  4.5
Staves         | 1 2 3 4 |  4.5
Slings         | 1 2 3 4 |  4.5
Bows           | 1 2 3 4 |  4.5
Crossbows      | 1 2 3 4 |  4.5
Throwing       | 1 2 3 4 |  4.5
Stealth        | 1 2 3 4 |  4.5
Shields        | 1 2 3 4 |  4.5
Unarmed Combat | 1 2 3 4 |  4.5
Spellcasting   | 1 2 3 4 |  4.5
Evocations     | 1 2 3 4 |  4.5
Conjurations   | 1 2 3 |  3.7
Hexes          | 1 2 3 |  3.7
Summonings     | 1 2 3 |  3.7
Necromancy     | 1 2 3 |  3.7
Translocations | 1 2 3 |  3.7
Transmutations | 1 2 3 |  3.7
Fire Magic     | 1 2 3 |  3.7
Ice Magic      | 1 2 3 |  3.7
Air Magic      | 1 2 3 |  3.7
Earth Magic    | 1 2 3 |  3.7
Poison Magic   | 1 2 3 |  3.7
Dodging        | 3 4 5 |  5.2
Invocations    | 5 6 |  6.8
Axes           | 5 6 |  6.5
Armour         | 5 6 |  6.5
Fighting       | 7 8 |  8.0

Action                   |  1- 3 |  4- 6 |  7- 9 || total
-------------------------+-------+-------+-------++-------
Melee: Hand axe          |    77 |   139 |   209 ||   425
       Bite              |    10 |    15 |    18 ||    43
       Dagger            |    37 |    60 |       ||    97
       Punch             |       |     1 |     1 ||     2
Throw: Dart              |       |     5 |    27 ||    32
Invok: Depart the Abyss  |     1 |       |       ||     1
  Use: Scroll            |     3 |     3 |     7 ||    13
       Potion            |       |     1 |     1 ||     2
Armor: Chain mail        |    94 |   129 |   133 ||   356
       Skin              |       |     1 |       ||     1
Dodge: Dodged            |    42 |    74 |    76 ||   192

Table legend: (Time is in decaauts)
 A = Elapsed time spent in this place.
 B = Non-inter-level travel time spent in this place.
 C = Inter-level travel time spent in this place.
 D = Time resting spent in this place.
 E = Time spent auto-exploring this place.
 F = Levels seen in this place.
 G = Mean time per level.
                   A        B        C        D        E       F      G
               +--------+--------+--------+--------+--------+-----+--------+
         Total |   8344 |   8205 |    139 |   1231 |   5606 |  10 |  834.4 |
       Dungeon |   7680 |   7541 |    139 |    765 |   5496 |   7 | 1097.1 |
        Temple |    519 |    519 |      0 |    466 |      0 |   1 |  519.0 |
         Abyss |    144 |    144 |      0 |      0 |    110 |   2 |   72.0 |
               +--------+--------+--------+--------+--------+-----+--------+

Top non-repeatable levels by time:
     D:5: 1624 daAuts
     D:1: 1309 daAuts
     D:3: 1294 daAuts
     D:4: 1205 daAuts
     D:6: 982 daAuts
     D:2: 927 daAuts
  Temple: 519 daAuts
     D:7: 337 daAuts
 Abyss:1: 104 daAuts
 Abyss:2: 39 daAuts
